 Dungeon Crawl Stone Soup version 0.21.1-1-g345015f (webtiles) character file.

849 nicolaieve the Cleaver (level 7, -4/90 HPs)
             Began as a Minotaur Berserker on July 20, 2018.
             Was a Priest of Trog.
             Slain by a mummy (6 damage)
             ... on level 5 of the Dungeon.
             The game lasted 00:11:33 (2995 turns).

nicolaieve the Cleaver (Minotaur Berserker)         Turns: 2995, Time: 00:11:34

Health: -4/90      AC: 11    Str: 28    XL:     7   Next: 69%
Magic:  6/6        EV:  8    Int:  4    God:    Trog [***...]
Gold:   238        SH:  0    Dex: 10    Spells: 6/6 levels left

rFire    . . .     SeeInvis .   u - +0 hand axe (elec)
rCold    . . .     Gourm    .   (no shield)
rNeg     . . .     Faith    .   r - +0 plate armour
rPois    .         Spirit   .   (helmet restricted)
rElec    .         Reflect  .   (no cloak)
rCorr    .         Harm     .   (no gloves)
MR       ++...                  (no boots)
Stlth    ..........             (no amulet)
HPRegen  1.25/turn              (no ring)
MPRegen  0.10/turn              (no ring)

@: berserking, regenerating, very quick
A: retaliatory headbutt, horns 2
a: Berserk, Trog's Hand, Burn Spellbooks, Renounce Religion


You were on level 5 of the Dungeon.
You worshipped Trog.
Trog was most pleased with you.
You were not hungry.

You visited 1 branch of the dungeon, and saw 5 of its levels.

You collected 238 gold pieces.

Inventory:

Hand Weapons
 q - a +0 war axe
 u - a +0 hand axe of electrocution (weapon)
 y - a +1 flail of draining
Armour
 r - a +0 plate armour (worn)
Jewellery
 l - a +4 ring of dexterity {unknown}
Wands
 s - a wand of enslavement (9)
Scrolls
 f - a scroll of immolation {unknown}
 j - a scroll of magic mapping {unknown}
 k - 3 scrolls of blinking {unknown}
 m - a scroll of enchant weapon {unknown}
 n - 2 scrolls of fear {unknown}
 p - 5 scrolls of identify {unknown}
 t - a scroll of remove curse {unknown}
 v - a scroll of fog {unknown}
 x - a scroll of random uselessness {unknown}
Potions
 a - a potion of ambrosia {unknown}
 b - 2 potions of magic {unknown}
 d - a potion of lignification {unknown}
 e - a potion of invisibility {unknown}
 g - 3 potions of agility {unknown}
 h - a potion of might {unknown}
 i - 2 potions of haste {unknown}
 o - a potion of mutation {unknown}
 w - a potion of curing {unknown}
Comestibles
 c - 8 rations


   Skills:
 - Level 4.6 Fighting
 + Level 10.1 Axes
 - Level 3.3 Armour
 - Level 2.5 Dodging
 - Level 0.8 Stealth


You had 6 spell levels left.
You didn't know any spells.

Dungeon Overview and Level Annotations

Branches:
Dungeon (5/15)             Temple (0/1) D:4

Altars:
Cheibriados
Hepliaklqana
Qazlal
Zin
The Shining One


Innate Abilities, Weirdness & Mutations

You reflexively headbutt those who attack you in melee.
You have a pair of horns on your head.


Message History

A mummy is nearby!
A frilled lizard comes into view.
The frilled lizard hisses angrily.
The mummy hits you!
* * * LOW HITPOINT WARNING * * *
You hit the mummy but do no damage. Lightning courses through the mummy!
You headbutt the mummy.
The mummy is heavily damaged.
Your skin crawls.
You feel resistant to hostile enchantments.
You feel somewhat more hungry.
The frilled lizard bites you but does no damage.
The mummy hits you!
* * * LOW HITPOINT WARNING * * *
A red film seems to cover your vision as you go berserk!
You feel yourself moving faster!
You feel mighty!
You feel quite a bit more hungry.
The frilled lizard bites you but does no damage.
The mummy hits you.
You die...

#.#.#. #..... .#
#..^.. .# #..... #.#
##.....#### ##.#
..........#####..####
......l...##........#
...._.M@............+
..........##.#(..##.#
..........##.##..#
##.....#####.##..#
#..... #.##.## #.....
#.##.# ###.##
#.##.###.# #.
#..<.....# #
####.##### #


You could see a mummy and a frilled lizard.

Vanquished Creatures
  A water moccasin (D:5)
  3 ogres
  A centaur (D:5)
  2 scorpions
  A howler monkey (D:4)
  Jessica (D:3)
  An orc wizard (D:3)
  2 worker ants (D:4)
  A howler monkey skeleton (D:3)
  3 gnolls (D:5)
  4 adders
  A shadow imp (D:5)
  An ooze (D:3)
  2 worms
  3 dart slugs
  3 leopard geckos
  5 orcs (D:3)
  4 giant cockroaches
  4 goblins
  6 hobgoblins
  2 quokkas (D:3)
  3 ball pythons
  10 bats
  7 frilled lizards
  9 kobolds
  A leopard gecko skeleton (D:4)
  8 rats
89 creatures vanquished.

Notes
Turn   | Place    | Note
-------+----------+-------------------------------------------
     0 | D:1      | nicolaieve the Minotaur Berserker began the quest for the Orb.
     0 | D:1      | Reached XP level 1. HP: 19/19 MP: 0/0
    98 | D:1      | Reached XP level 2. HP: 14/27 MP: 1/1
   169 | D:1      | Reached skill level 4 in Axes
   774 | D:2      | Reached XP level 3. HP: 30/33 MP: 2/2
   839 | D:2      | Reached ** piety under Trog
   910 | D:2      | Found a glowing golden altar of the Shining One.
  1327 | D:3      | Reached XP level 4. HP: 27/41 MP: 3/3
  1552 | D:3      | Found a faded altar of an unknown god.
  1606 | D:3      | Reached skill level 5 in Axes
  1692 | D:3      | Found a hazy altar of Hepliaklqana.
  1707 | D:3      | Found a stormy altar of Qazlal.
  1716 | D:3      | Noticed Jessica
  1723 | D:3      | Killed Jessica
  1723 | D:3      | Reached XP level 5. HP: 47/47 MP: 4/4
  1983 | D:4      | Noticed an ogre
  1986 | D:4      | Killed an ogre
  1986 | D:4      | Reached skill level 6 in Axes
  2016 | D:4      | Reached skill level 7 in Axes
  2016 | D:4      | Reached XP level 6. HP: 52/53 MP: 5/5
  2159 | D:4      | Reached *** piety under Trog
  2299 | D:4      | Reached skill level 8 in Axes
  2521 | D:4      | Found a staircase to the Ecumenical Temple.
  2571 | D:4      | Found a glowing silver altar of Zin.
  2657 | D:5      | Entered Level 5 of the Dungeon
  2831 | D:5      | Noticed a water moccasin
  2835 | D:5      | Killed a water moccasin
  2835 | D:5      | Reached skill level 9 in Axes
  2835 | D:5      | Reached XP level 7. HP: 55/60 MP: 6/6
  2949 | D:5      | Reached skill level 10 in Axes
  2988 | D:5      | Found a snail-covered altar of Cheibriados.
  2994 | D:5      | HP: 1/60 [mummy (7)]
  2995 | D:5      | Slain by a mummy

Skill      XL: |  1  2  3  4  5  6  7 |
---------------+----------------------+-----
Fighting       | 4 |  4.6
Axes           | 4 5 7 9 10 | 10.1
Armour         | 3 |  3.3
Dodging        | |  2.5
Stealth        | |  0.8

Action                   |  1- 3 |  4- 6 |  7- 9 || total
-------------------------+-------+-------+-------++-------
Melee: Hand axe          |    79 |    15 |    20 ||   114
       Headbutt          |     9 |    16 |     4 ||    29
       War axe           |       |    66 |       ||    66
Invok: Berserk           |       |     3 |     2 ||     5
       Trog's Hand       |       |       |     1 ||     1
  Eat: Chunk             |     1 |     7 |       ||     8
       Ration            |       |       |     1 ||     1
Armor: Ring mail         |    22 |       |       ||    22
       Animal skin       |     1 |       |       ||     1
       Chain mail        |    16 |    18 |       ||    34
       Plate armour      |       |    21 |    10 ||    31
Dodge: Dodged            |    46 |    33 |    13 ||    92
